 Dungeon Crawl Stone Soup version 0.31.0-4-g52a2dc7128 (console) character file.

Game seed: 13025506304754026557

26070 AlterAsc the Grappler (level 12, -9/107 HPs)
             Began as a Yellow Draconian Shapeshifter on Jan 21, 2024.
             Was a Priest of the Shining One.
             Mangled by Urug
             ... wielding a +8 eveningstar
              (12 damage)
             ... on level 5 of the Lair of Beasts.
             The game lasted 00:38:53 (14818 turns).

AlterAsc the Grappler (DrSh)                       Turns: 14818, Time: 00:38:53

Health: -9/107     AC: 12    Str: 23    XL:     12   Next: 95%
Magic:  12/12      EV: 17    Int: 12    God:    the Shining One [***...]
Gold:   541        SH:  0    Dex: 14    Spells: 11/11 levels left

rFire   . .          .
                       - Unarmed
rCold   . . .        (no shield)
rNeg    + . .        (body armour unavailable)
rPois   .            (helmet restricted)
rElec   .            (no cloak)
rCorr   +            (no gloves)
SInv    .            (no boots)
Will    .....        D - amulet of regeneration
Stlth   +            K - +4 ring of protection
HPRegen 1.17/turn    y - +6 ring of strength
MPRegen 0.13/turn

%: no passive effects
@: maw-form, glowing, studying Shields
A: devouring maw, spit acid, AC +8, unfitting armour, cold-blooded, acid
resistance
a: Breathe Acid, Begin Untransformation, Renounce Religion, Divine Shield,
Cleansing Flame


You were on level 5 of the Lair of Beasts.
You worshipped the Shining One.
The Shining One was most pleased with you.
You were a creature with a mouth for a stomach.
You visited 3 branches of the dungeon, and saw 15 of its levels.

You collected 1267 gold pieces.
You spent 726 gold pieces at shops.

Inventory:

Missiles
 o - 2 throwing nets (quivered)
Jewellery
 e - an amulet of guardian spirit
 m - a ring of flight
 y - a +6 ring of strength (right hand)
 D - an amulet of regeneration (around neck)
 F - a ring of ice
 H - the ring of Ryajyv {rC+ MP+9 Str-4 Int+2}
   (You found it on level 1 of the Lair of Beasts)

   [ring of magical power]

   Str-4:     It affects your strength (-4).
   Int+2:     It affects your intelligence (+2).
   rC+:       It protects you from cold.
   MP+9:      It affects your magic capacity (+9).
 K - a +4 ring of protection (left hand)
 M - a +6 ring of strength
Talismans
 b - a beast talisman
 c - a flux talisman
 E - the serpent talisman of Iqerieba {*Slow Dex+5}
   (You found it on level 1 of the Lair of Beasts)

   [serpent talisman]

   Dex+5:     It affects your dexterity (+5).
   *Slow:     It may slow you when you take damage.
 J - a maw talisman (active)
Wands
 a - a wand of flame (40)
 l - a wand of roots (13)
 s - a wand of polymorph (12)
 x - a wand of light (9)
 G - a wand of mindburst (5)
Scrolls
 g - a scroll of enchant weapon
 h - 2 scrolls of fog
 i - 3 scrolls of vulnerability
 j - a scroll of silence
 k - a scroll of fear
 n - 3 scrolls of enchant armour
 p - 2 scrolls of poison
 q - 2 scrolls of immolation
 A - a scroll of brand weapon
 C - 3 scrolls of noise
 I - a scroll of teleportation
 N - a scroll of amnesia {unknown}
 P - a scroll of identify
Potions
 d - 2 potions of ambrosia
 f - a potion of curing
 r - a potion of lignification
 t - a potion of berserk rage {unknown}
 u - 2 potions of might {unknown}
 v - 2 potions of enlightenment
 w - a potion of haste {unknown}
 z - a potion of mutation {unknown}
 B - a potion of heal wounds
 L - a potion of magic {unknown}
 O - a potion of attraction {unknown}


   Skills:
 + Level 10.4 Fighting
 + Level 10.3 Dodging
 + Level 12.4 Unarmed Combat
 + Level 11.3 Shapeshifting


You had 11 spell levels left.
You didn't know any spells.
Your spell library contained the following spells:

 Spells                   Type           Power      Damage    Failure   Level
 Sting                    Conj/Alch      0%         1d3       32%         1
 Mercury Vapours          Alch/Air       0%         N/A       45%         2
 Hailstorm                Conj/Ice       0%         3d5       69%         3
 Summon Ice Beast         Ice/Summ       0%         N/A       69%         3
 Olgreb's Toxic Radiance  Alch           0%         N/A       97%         4
 Vhi's Electric Charge    Tloc/Air       0%         N/A       97%         4
 Arcjolt                  Conj/Air       0%         1d10      100%        5
 Conjure Ball Lightning   Conj/Air       0%         3x3d6     100%        6
 Plasma Beam              Fire/Air       0%         2x1d10    100%        6
 Sculpt Simulacrum        Ice/Alch       0%         N/A       100%        6
 Discord                  Hex            0%         N/A       100%        8
 Disjunction              Tloc           0%         N/A       100%        8
 Maxwell's Capacitive Co  Air            0%         ∞         100%        8
 Chain Lightning          Conj/Air       0%         N/A       100%        9
 Fire Storm               Conj/Fire      0%         5d1       100%        9
 Shatter                  Erth           0%         3d5*      100%        9


Dungeon Overview and Level Annotations

Branches:
Dungeon (9/15)             Temple (1/1) D:5            Lair (5/5) D:9
 Shoals (0/4) Lair:2        Snake (0/4) Lair:3
  Slime: Lair:4-5       Orc: D:9-12

Altars:
Ashenzari
Cheibriados
Dithmenos
Elyvilon
Fedhas
Gozag
Hepliaklqana
Kikubaaqudgha
Makhleb
Nemelex Xobeh
Okawaru
Qazlal
Ru
Sif Muna
Trog
Uskayaw
Vehumet
Wu Jian
Xom
Yredelemnul
Zin
The Shining One

Shops:
D:5 =   D:7 *   D:9 [

Annotations:
D:8 exclusions: tengu warrior and 2 more exclusions
Lair:4 1 runed translucent door
Lair:5 Urug


Innate Abilities, Weirdness & Mutations

You are a creature with a mouth for a stomach.
Your midsection houses a second, enormous mouth.
You can spit globs of acid.
Your golden yellow scales are hard. (AC +8)
You cannot fit into any form of body armour.
You are cold-blooded and may be slowed by cold attacks.
You are resistant to acid. (rCorr)


Message History

The wyvern hisses angrily.
The cane toad croaks.
You hear a bellow!
The boulder beetle curls into a ball and begins rolling!
Urug hits you with a +8 eveningstar!!
You hit Urug but do no damage. You tail-slap Urug, but do no damage.
You bite Urug.
Urug is lightly wounded.
Urug hits you with a +8 eveningstar!!
You hit Urug but do no damage. You bite Urug.
Urug is lightly wounded.
The boulder beetle barely misses you.
The boulder beetle stops rolling and uncurls.
You pummel Urug!!
Urug is moderately wounded.
Urug zaps a wand.
The bolt of light hits you!!
You are confused.
The wyvern bites you! The boulder beetle bites you!
* * * LOW HITPOINT WARNING * * *
You are too confused!
You hit Urug. You tail-slap Urug.
Urug is heavily wounded.
The wyvern closely misses you. Urug hits you with a +8 eveningstar!!
* * * LOW HITPOINT WARNING * * *
The cane toad barely misses you.
You feel much better.
The wyvern bites you but does no damage.
The boulder beetle barely misses you. Urug hits you with a +8 eveningstar!!
* * * LOW HITPOINT WARNING * * *
The cane toad misses you. The wyvern bites you!
* * * LOW HITPOINT WARNING * * *
You feel less confused.
The boulder beetle leaps!
The wyvern attacks as it pursues you! The wyvern bites you.
* * * LOW HITPOINT WARNING * * *
Urug misses you.
Press: ? - help, v - describe, . - travel
Here: Urug, wielding a +8 eveningstar, wearing a +0 scale mail, quivering javelins and carrying a wand of light (heavily wounded, haloed)
The floor, spattered with blood.
The wyvern closely misses you.
The boulder beetle curls into a ball and begins rolling!
Urug attacks as she pursues you! Urug hits you with a +8 eveningstar!
You die...
Urug says, "One more harpy dead."

#....## ###........##
#.....# ##........#
##....### ##..<...##
##.....# #......#.#
#......# ##......##
#......# #......#
##.....## #..B..##
.#.P....# ........
....P....########.P....#.
...........PP#.#.#......#.
................Wo........
................Fk........
..........^..............
.........................
.........................
............#..#........
...####P......##.......#
#.....##.##......# ....
.....## .. ......


You could see a boulder beetle (rolling), Urug, a cane toad and a wyvern.

Vanquished Creatures
  A hydra (Lair:2)
  Sonja (Lair:3)
  2 skysharks
  A deep elf pyromancer (D:8)
  A cyclops (D:8)
  A salamander (Lair:3)
  Maurice (D:9)
  3 black mambas
  10 cane toads
  A torpor snail (Lair:2)
  3 komodo dragons
  5 rime drakes
  A troll (D:9)
  2 polar bears (Lair:4)
  Prince Ribbit (D:7)
  2 hornets
  A slime creature (D:8)
  39 yaks
  A human (Lair:4)
  4 wyverns
  Eustachio (D:3)
  3 basilisks
  A vampire mosquito (D:8)
  2 steam dragons
  2 nagas (Lair:3)
  11 water moccasins
  Menkaure (D:4)
  4 orc warriors
  Duvessa (D:4)
  2 ice beasts
  3 sky beasts
  A black bear (D:8)
  2 centaurs (D:8)
  An ogre (D:5)
  21 wolves
  4 phantoms
  2 kobold brigands
  10 bullfrogs
  2 gnoll sergeants
  A scorpion (D:7)
  Dowan (D:4)
  14 killer bees
  2 howler monkeys (D:9)
  5 hounds
  2 gnoll boudas
  3 sleepcaps
  An orc priest (D:6)
  2 jellies
  4 iguanas
  10 orc wizards
  15 gnolls
  5 adders
  A shadow imp (D:5)
  A white imp (D:7)
  2 ufetubi (D:6)
  5 dart slugs
  A ribbon worm (D:3)
  24 orcs
  12 ball pythons
  6 endoplasms
  5 giant cockroaches
  5 goblins
  5 hobgoblins
  5 jackals
  11 kobolds
  6 quokkas
  3 bats
  4 frilled lizards
  11 rats
327 creatures vanquished.

Notes
Turn   | Place    | Note
-------+----------+-------------------------------------------
     0 | D:1      | AlterAsc the Draconian Shapeshifter began the quest for the
                  | Orb.
     0 | D:1      | Reached XP level 1. HP: 16/16 MP: 1/1
   102 | D:1      | Reached XP level 2. HP: 23/23 MP: 2/2
   238 | D:1      | Found a faded altar of an unknown god.
   480 | D:1      | Reached XP level 3. HP: 28/28 MP: 3/3
   942 | D:2      | Reached XP level 4. HP: 3/35 MP: 4/4
  1441 | D:2      | Reached skill level 5 in Shapeshifting
  2595 | D:4      | Reached XP level 5. HP: 30/40 MP: 5/5
  2729 | D:4      | Noticed Menkaure
  2743 | D:4      | Killed Menkaure
  2744 | D:4      | Reached XP level 6. HP: 19/47 MP: 6/6
  3237 | D:4      | Noticed Eustachio
  3237 | D:4      | Noticed Duvessa
  3237 | D:4      | Noticed Dowan
  3253 | D:4      | Killed Duvessa
  3365 | D:3      | Killed Eustachio
  3366 | D:3      | Reached skill level 4 in Unarmed Combat
  3366 | D:3      | Your scales start taking on a golden yellow colour.
  3366 | D:3      | Reached XP level 7. HP: 40/55 MP: 7/7
  3366 | D:3      | Gained mutation: You are resistant to acid. (rCorr) [Yellow
                  | Draconian growth]
  3675 | D:4      | Killed Dowan
  3810 | D:5      | Entered Level 5 of the Dungeon
  3956 | D:5      | Found Poestred's Jewellery Shoppe.
  4002 | D:5      | Reached skill level 5 in Unarmed Combat
  4093 | D:5      | Reached XP level 8. HP: 53/63 MP: 8/8
  4193 | D:5      | Found a staircase to the Ecumenical Temple.
  4202 | Temple   | Entered the Ecumenical Temple
  4210 | Temple   | Became a worshipper of the Shining One
  4581 | D:6      | Reached skill level 6 in Unarmed Combat
  5118 | D:6      | Noticed a hornet
  5120 | D:6      | Paralysed by a hornet for 1 turns
  5134 | D:6      | Killed a hornet
  5135 | D:6      | Reached skill level 7 in Unarmed Combat
  5382 | D:6      | Reached skill level 5 in Fighting
  5737 | D:6      | Reached XP level 9. HP: 61/74 MP: 9/9
  6161 | D:7      | Found a sparkling altar of Nemelex Xobeh.
  6193 | D:7      | Found a bloodstained altar of Trog.
  6347 | D:7      | Noticed Prince Ribbit
  6361 | D:7      | Reached skill level 5 in Dodging
  6361 | D:7      | Reached skill level 8 in Unarmed Combat
  6738 | D:7      | Killed Prince Ribbit
  6968 | D:7      | Found a white marble altar of Elyvilon.
  6968 | D:7      | Found a burning altar of Makhleb.
  6978 | D:7      | Found a radiant altar of Vehumet.
  7349 | D:7      | Found Agyn's General Store.
  7408 | D:8      | Reached * piety under the Shining One
  7508 | D:7      | Reached skill level 9 in Unarmed Combat
  7680 | D:8      | Noticed a cyclops
  7693 | D:8      | Killed a cyclops
  7694 | D:8      | Reached XP level 10. HP: 84/86 MP: 10/10
  8128 | D:8      | Reached skill level 10 in Unarmed Combat
  8304 | D:8      | Found a basalt altar of Yredelemnul.
  8769 | D:8      | Noticed a deep elf pyromancer
  8775 | D:8      | Identified the +2 robe "Katuliuz" {rF+ Int+5 Slay+3}
  8775 | D:8      | Noticed a tengu warrior
  8778 | D:8      | Killed a deep elf pyromancer
  9084 | D:8      | Reached skill level 11 in Unarmed Combat
  9363 | D:9      | Reached XP level 11. HP: 87/94 MP: 11/11
  9806 | D:9      | Found a staircase to the Lair.
  9828 | D:9      | Found a basalt altar of Yredelemnul.
  9867 | D:9      | Found an iron altar of Okawaru.
  9869 | D:9      | Found a sacrificial altar of Ru.
  9870 | D:9      | Found a hazy altar of Hepliaklqana.
  9977 | D:9      | Found Ajokhlou's Antique Armour Shoppe.
 10195 | D:9      | Noticed Maurice
 10206 | D:9      | Killed Maurice
 10305 | Lair:1   | Entered Level 1 of the Lair of Beasts
 10623 | Lair:1   | Identified the serpent talisman of Iqerieba {*Slow Dex+5}
 10793 | Lair:1   | Identified the ring of Ryajyv {rC+ MP+9 Str-4 Int+2}
 11061 | Lair:1   | Identified the +9 great sword of the Bouncing Places
                  | {antimagic, rPois}
 11275 | Lair:2   | Reached skill level 10 in Shapeshifting
 11410 | D:5      | Bought a maw talisman for 330 gold pieces
 11410 | D:5      | Bought a +4 ring of protection for 396 gold pieces
 11727 | Lair:2   | Found a staircase to the Shoals.
 11901 | Lair:2   | Reached ** piety under the Shining One
 11992 | Lair:2   | Noticed a five-headed hydra
 11998 | Lair:2   | Killed a five-headed hydra
 12295 | Lair:2   | Noticed a skyshark
 12307 | Lair:2   | Killed a skyshark
 12410 | Lair:3   | Noticed a boulder beetle
 12528 | Lair:3   | Reached XP level 12. HP: 71/104 MP: 12/12
 12786 | Lair:3   | Noticed Sonja
 12817 | Lair:3   | The Shining One protects you from harm!
 12820 | Lair:3   | Killed Sonja
 13051 | Lair:3   | Reached skill level 12 in Unarmed Combat
 13191 | Lair:3   | Found a staircase to the Snake Pit.
 13664 | Lair:4   | Reached skill level 10 in Fighting
 13785 | Lair:4   | Found a runed translucent door.
 13786 | Lair:4   | Noticed a tentacled starspawn
 13966 | Lair:4   | Reached skill level 10 in Dodging
 14745 | Lair:5   | Entered Level 5 of the Lair of Beasts
 14801 | Lair:5   | Reached *** piety under the Shining One
 14803 | Lair:5   | Noticed a boulder beetle
 14804 | Lair:5   | Noticed Urug
 14814 | Lair:5   | HP: 3/107 [Urug/+8 eveningstar (28)]
 14816 | Lair:5   | HP: 1/107 [wyvern (2)]
 14818 | Lair:5   | Mangled by Urug

Illustrated notes

Levels and vault maps discovered:
D:1:      tarquinn_simple_flora_water_f, layout_loops_corners,
          hellmonk_ecumenical_altar_pennies_from_heaven
D:2:      layout_basic
D:3:      layout_loops_ring, grunt_ministairs_13
D:4:      minmay_polygon_palace, layout_gridville, kennysheep_generic_room_6,
          uniq_pikel, uniq_eustachio, uniq_menkaure, uniq_sigmund, uniq_duvessa
D:5:      layout_rooms, minmay_temple_entry_purple_smoke, serial_shops,
          nicolae_shop_rolling_square
D:6:      minmay_evil_eye, layout_basic, mrwooster_statue_mirror
D:7:      layout_basic, nicolae_overflow_hidden_temple, serial_shops, shop,
          uniq_prince_ribbit1
D:8:      minmay_the_grid_octo_tiled_octocenter
          [minmay_the_grid_octo_vomiting_pacman, minmay_the_grid_octo_focus,
          minmay_the_grid_octo_toaster, minmay_the_grid_octo_pinwheel,
          minmay_the_grid_octo_prize_single_spiral,
          minmay_the_grid_square_5x5_six,
          minmay_the_grid_square_5x5_tetrominoes,
          minmay_the_grid_square_5x5_intrusive_squares,
          minmay_the_grid_square_5x5_v], layout_rooms
D:9:      layout_stronghold, mainiacjoe_overflow_alcove_3, dpeg_oklobed_lair,
          serial_shops, nicolae_shop_tiny_real_fake_doors, minmay_misc_feat_x,
          uniq_maurice, uniq_psyche
Temple:   cyrus_circular_temple
Lair:1:   layout_gridlike
Lair:2:   layout_cave_pods, shoals_dummy_entry
Lair:3:   layout_gridlike, alex1729_snake_entry_snake, uniq_sonja
Lair:4:   layout_layer_cave, pdpol_lair_cabin_in_the_woods, lemuel_fruit_fields,
          uniq_nessos
Lair:5:   minmay_lair_end_enchanted_forest, layout_hall_layers, slime_entry_1,
          uniq_urug

Skill      XL: |  1  2  3  4  5  6  7  8  9 10 11 12 |
---------------+-------------------------------------+-----
Shapeshifting  | 4 5 6 7 8 10 11 | 11.3
Dodging        | 2 3 4 6 7 8 10 | 10.3
Fighting       | 2 3 5 7 8 9 10 | 10.4
Unarmed Combat | 4 5 7 9 11 12 | 12.4

Action                     |  1- 3 |  4- 6 |  7- 9 | 10-12 || total
---------------------------+-------+-------+-------+-------++-------
  Melee: Unarmed           |    91 |   151 |   307 |   579 ||  1128
         Tailslap          |    13 |    25 |    58 |   111 ||   207
         Punch             |     4 |     2 |       |    27 ||    33
         Maw               |       |       |       |   150 ||   150
Ability: Breathe Acid      |       |       |    14 |    22 ||    36
    Use: Scroll            |       |       |     5 |    15 ||    20
         Potion            |       |       |     2 |     3 ||     5
   Stab: Sleeping          |     1 |     2 |       |       ||     3
 Armour: Skin              |    31 |    69 |   158 |   335 ||   593
  Dodge: Dodged            |    58 |    97 |   266 |   502 ||   923
   Form: Flux              |       |     1 |       |       ||     1
         Maw               |       |       |       |     1 ||     1
